 Dungeon Crawl Stone Soup version 0.31-a0-145-g046c7d2549 (webtiles) character file.

Game seed: 1933858225944213786

199 qw the Shooter (level 5, -2/47 HPs)
             Began as a Minotaur Hunter on June 7, 2023.
             Slain by a gnoll
             ... wielding a +2 whip of electrocution
              (4 damage)
             ... on level 3 of the Dungeon.
             The game lasted 00:00:52 (1795 turns).

qw the Shooter (Minotaur Hunter)                    Turns: 1795, Time: 00:00:52

Health: -2/47      AC:  6    Str: 13 (15) XL:     5   Next: 48%
Magic:  4/4        EV: 11    Int:  4 (6)  God:
Gold:   794        SH:  0    Dex: 21 (22) Spells: 4/4 levels left

rFire   . . .        Y - +0 shortbow
rCold   . . .        (shield currently unavailable)
rNeg    . . .        e - +0 ring mail
rPois   .            (helmet restricted)
rElec   .            (no cloak)
rCorr   .            d - +0 pair of gloves
SInv    .            (no boots)
Will    .....        (no amulet)
Stlth   +            f - +6 ring of dexterity
HPRegen 0.27/turn    (no ring)
MPRegen 0.09/turn

%: no passive effects
@: no status effects
A: horns 2, retaliatory headbutt
a: no special abilities


You were on level 3 of the Dungeon.
You visited 1 branch of the dungeon, and saw 3 of its levels.

You collected 794 gold pieces.


Innate Abilities, Weirdness & Mutations

You have a pair of horns on your head.
You reflexively headbutt those who attack you in melee.


   Skills:
 - Level 4.3 Fighting
 + Level 6.5 Ranged Weapons
 - Level 1.1 Armour
 - Level 2.1 Dodging
 - Level 0.7 Stealth


You had 4 spell levels left.
You didn't know any spells.
Your spell library was empty.

Inventory:

Hand Weapons
 Y - a +0 shortbow (weapon)
Armour
 d - a +0 pair of gloves (worn)
 e - a +0 ring mail (worn)
Jewellery
 f - a +6 ring of dexterity (left hand)
Scrolls
 a - a scroll of identify
Potions
 h - a potion of curing {unknown}
 i - a potion of might {unknown}

Dungeon Overview and Level Annotations

Branches:
Dungeon (3/15)

Altars:


Message History

You kill the gnoll!
1777 ||| FLEEEEING.
1778 ||| FLEEEEING.
1779 ||| FLEEEEING.
1780 ||| FLEEEEING.
1781 ||| FLEEEEING.
1782 ||| FLEEEEING.
1783 ||| FLEEEEING.
1784 ||| FLEEEEING.
1785 ||| FLEEEEING.
1786 ||| FLEEEEING.
1787 ||| FLEEEEING.
1788 ||| FLEEEEING.
1789 ||| FLEEEEING.
You shoot an arrow. The arrow hits the gnoll!
The gnoll is severely wounded.
The gnoll hits you with a +2 whip of electrocution.
You shoot an arrow. The arrow hits the gnoll.
The gnoll is severely wounded.
The gnoll barely misses you.
You shoot an arrow.
The arrow hits the gnoll but does no damage.
The gnoll is severely wounded.
The gnoll barely misses you.
You shoot an arrow.
The arrow hits the gnoll but does no damage.
The gnoll is severely wounded.
The gnoll hits you with a +2 whip of electrocution.
You are electrocuted!
You shoot an arrow. The arrow closely misses the gnoll.
The arrow hits the gnoll.
The gnoll is almost dead.
The gnoll closely misses you.
You shoot an arrow. The arrow closely misses the gnoll.
The arrow hits the gnoll!
You kill the gnoll!
The gnoll hits you with a +2 whip of electrocution.
You are electrocuted!
The gnoll hits you with a +2 whip of electrocution.
You die...

#.# #.#
#.# ..#.#
#.#.#
#.#.#
#.#g#
#.#g#
#####.#@##
#........#
#........#
#........#
#........#
#........#
#........#
#........#
#........#


You could see a gnoll and a hobgoblin.

Vanquished Creatures
  Natasha (thrice) (D:2)
  Robin (D:3)
  4 gnolls
  An adder (D:2)
  A worm (D:2)
  A dart slug (D:2)
  3 orcs (D:2)
  2 bats (D:1)
  7 endoplasms
  4 giant cockroaches
  5 hobgoblins
  4 jackals (D:2)
  2 quokkas
  6 ball pythons
  3 frilled lizards
  10 goblins
  7 kobolds
  5 rats
69 creatures vanquished.

Notes
Turn   | Place    | Note
-------+----------+-------------------------------------------
     0 | D:1      | qw the Minotaur Hunter began the quest for the Orb.
     0 | D:1      | Reached XP level 1. HP: 18/18 MP: 0/0
     0 | D:1      | 0 ||| qw: Version: 0.2-a-117-gc6b5c8b
     0 | D:1      | 0 ||| qw: Game counter: 2488
     0 | D:1      | 0 ||| qw: Always use a shield: true
     0 | D:1      | 0 ||| qw: God list: Okawaru
     0 | D:1      | 0 ||| qw: Allow faded altars: false
     0 | D:1      | 0 ||| qw: Do Orc after D:15 true
     0 | D:1      | 0 ||| qw: Do second Lair branch before Depths: true
     0 | D:1      | 0 ||| qw: Lair rune preference: random
     0 | D:1      | 0 ||| qw: Plans: Normal
     0 | D:1      | 0 ||| PLANNING D:1-11
   227 | D:1      | Reached XP level 2. HP: 25/25 MP: 1/1
   237 | D:1      | Reached skill level 5 in Ranged Weapons
   333 | D:1      | Reached skill level 3 in Fighting
   362 | D:1      | Reached XP level 3. HP: 31/31 MP: 2/2
   401 | D:1      | Found a faded altar of an unknown god.
   785 | D:1      | 785 ||| UPGRADING to +0 pair of gloves.
   790 | D:1      | 790 ||| UPGRADING to +0 ring mail.
   800 | D:1      | 800 ||| DROPPING +0 leather armour.
   801 | D:1      | 801 ||| READING 2 scrolls labelled VEPSET VYFU.
   802 | D:1      | 802 ||| DROPPING scroll of butterflies.
   854 | D:2      | Reached skill level 1 in Armour
  1068 | D:2      | Noticed Natasha
  1076 | D:2      | Killed Natasha
  1077 | D:2      | Reached skill level 6 in Ranged Weapons
  1077 | D:2      | Reached XP level 4. HP: 18/38 MP: 3/3
  1451 | D:2      | 1451 ||| FLEEEEING.
  1563 | D:2      | Noticed Natasha
  1566 | D:2      | 1566 ||| Stepping ~*~*~tactically~*~*~ (outnumbered).
  1576 | D:2      | Killed Natasha
  1577 | D:2      | Reached XP level 5. HP: 38/47 MP: 4/4
  1624 | D:2      | Noticed Natasha
  1627 | D:2      | Killed Natasha
  1658 | D:2      | 1658 ||| UPGRADING to +6 ring of dexterity.
  1659 | D:2      | 1659 ||| DROPPING +6 ring of intelligence.
  1660 | D:2      | 1660 ||| READING scroll labelled JEKHESS NEOMOI.
  1661 | D:2      | 1661 ||| READING scroll labelled GIRELUOL QISE.
  1662 | D:2      | 1662 ||| READING scroll labelled WEFRYL BUKASE.
  1662 | D:2      | Identified a scroll of acquirement
  1662 | D:2      | 1662 ||| ACQUIRING 700 gold pieces
  1662 | D:2      | Acquired 700 gold pieces
  1664 | D:2      | 1664 ||| DRINKING 2 coppery potions.
  1665 | D:2      | 1665 ||| DROPPING potion of degeneration.
  1723 | D:3      | Noticed Robin
  1735 | D:3      | Killed Robin
  1777 | D:3      | 1777 ||| FLEEEEING.
  1778 | D:3      | 1778 ||| FLEEEEING.
  1779 | D:3      | 1779 ||| FLEEEEING.
  1780 | D:3      | 1780 ||| FLEEEEING.
  1781 | D:3      | 1781 ||| FLEEEEING.
  1782 | D:3      | 1782 ||| FLEEEEING.
  1783 | D:3      | 1783 ||| FLEEEEING.
  1784 | D:3      | 1784 ||| FLEEEEING.
  1785 | D:3      | 1785 ||| FLEEEEING.
  1786 | D:3      | 1786 ||| FLEEEEING.
  1787 | D:3      | 1787 ||| FLEEEEING.
  1788 | D:3      | 1788 ||| FLEEEEING.
  1789 | D:3      | 1789 ||| FLEEEEING.
  1795 | D:3      | HP: 2/47 [gnoll/+2 whip of electrocution (13)]
  1795 | D:3      | Slain by a gnoll

Levels and vault maps discovered:
D:1:      dpeg_arrival_signposts, layout_basic,
          shapermc_ecumenical_altar_acropolis, minmay_pentomino_q2
D:2:      minmay_razor_zed, layout_basic, chequers_serial_rivers_small_3,
          uniq_natasha
D:3:      layout_basic, hex_intersection, uniq_robin, uniq_jessica,
          uniq_crazy_yiuf_cottage

Skill      XL: |  1  2  3  4 |
---------------+-------------+-----
Ranged Weapons | 5 6 |  6.5
Fighting       | 3 4 |  4.3
Armour         | 1 |  1.1
Dodging        | |  2.1
Stealth        | |  0.7

Action                     |  1- 3 |  4- 6 || total
---------------------------+-------+-------++-------
   Fire: Shortbow          |   114 |    81 ||   195
    Use: Scroll            |     1 |     3 ||     4
         Potion            |       |     1 ||     1
 Armour: Leather armour    |     2 |       ||     2
         Ring mail         |     9 |     9 ||    18
  Dodge: Dodged            |    21 |    21 ||    42

Table legend:
 A = Non-vault XP
 B = Vault XP
 C = Vault XP percentage of total XP
 D = Non-vault monster count
 E = Vault monster count
 F = Vault count percentage of total count
                 A         B        C        D         E       F
            +---------+---------+-------+---------+---------+-------
      Total |     202 |      98 |  32.7 |      53 |      16 |  23.2
            +---------+---------+-------+---------+---------+-------
        D:1 |      47 |       2 |   4.1 |      23 |       1 |   4.2
        D:2 |     116 |      75 |  39.3 |      23 |      11 |  32.4
        D:3 |      39 |      21 |  35.0 |       7 |       4 |  36.4
            +---------+---------+-------+---------+---------+-------
